Workbook

Sheet README
A1: Décompte de charges annuel — Copropriété (Modèle détaillé)
A2: Objectif : centraliser les factures, répartir selon des clés (tantièmes, eau, ascenseur, chauffage…), éditer les décomptes par lot.
A3: Mode d’emploi (résumé) :
A4: 1) Compléter les feuilles « Lots », « Catégories » et « ClésRépartition ».
A5: 2) Saisir les factures dans « JournalCharges » (Catégorie et TVA obligatoires).
A6: 3) La feuille « Répartition » calcule automatiquement les montants par lot et par catégorie.
A7: 4) Saisir les provisions par lot dans « BudgetProvisions » pour obtenir le solde.
A8: 5) Générer/Imprimer le relevé individuel dans « Décomptes » (sélecteur de lot).
A10: Note : formules en anglais (standard XLSX). Palette sobre + lisibilité A4. Site : lecoursgratuit.com

Sheet Lots
A1: Lot | B1: Propriétaire | C1: Tantièmes généraux | D1: Étage | E1: Surface (m²)
A2: A1 | B2: Mme Martin | C2: 250 | D2: RDC | E2: 45
A3: A2 | B3: M. Bernard | C3: 300 | D3: R+1 | E3: 55
A4: B1 | B4: Mme Dupont | C4: 180 | D4: R+2 | E4: 38
A5: B2 | B5: M. Ali | C5: 140 | D5: R+3 | E5: 32
A6: C1 | B6: SAS Yacine | C6: 130 | D6: R+4 | E6: 30

Sheet Catégories
A1: Catégorie | B1: Clé de répartition (voir feuille ClésRépartition)
A2: Syndic | B2: Tantièmes
A3: Assurance immeuble | B3: Tantièmes
A4: Eau | B4: Eau
A5: Électricité PC | B5: Tantièmes
A6: Ascenseur | B6: Ascenseur
A7: Chauffage | B7: Chauffage
A8: Entretien espaces | B8: Tantièmes
A9: Petites réparations | B9: Tantièmes

Sheet ClésRépartition
A1: Clé | B1: A1 | C1: A2 | D1: B1 | E1: B2 | F1: C1
A2: Tantièmes | B2: =Lots!$C$2 | C2: =Lots!$C$3 | D2: =Lots!$C$4 | E2: =Lots!$C$5 | F2: =Lots!$C$6
A3: Eau | B3: 100 | C3: 120 | D3: 140 | E3: 160 | F3: 180
A4: Ascenseur | B4: 0.6 | C4: 0.9 | D4: 1 | E4: 1.1 | F4: 1.2
A5: Chauffage | B5: 5 | C5: 6 | D5: 7 | E5: 8 | F5: 9
A6: Spéciales | B6: 0 | C6: 0 | D6: 0 | E6: 0 | F6: 0

Sheet JournalCharges
A1: Date | B1: Pièce/Facture | C1: Fournisseur | D1: Catégorie | E1: Montant TTC (€) | F1: TVA % | G1: Montant TVA (€) | H1: Montant HT (€) | I1: Observation
A2: 45669 | B2: FAC-2025-001 | C2: Syndic Pro | D2: Syndic | E2: 1800 | F2: 0 | G2: =E2-H2 | H2: =IFERROR(E2/(1+F2),0)
A3: 45691 | B3: FAC-2025-045 | C3: EauCity | D3: Eau | E3: 950 | F3: 0.1 | G3: =E3-H3 | H3: =IFERROR(E3/(1+F3),0)
A4: 45737 | B4: AssurImmo | C4: AssurImmo | D4: Assurance immeuble | E4: 2200 | F4: 0 | G4: =E4-H4 | H4: =IFERROR(E4/(1+F4),0)
A5: 45762 | B5: FAC-2025-177 | C5: Lift&Co | D5: Ascenseur | E5: 1300 | F5: 0.2 | G5: =E5-H5 | H5: =IFERROR(E5/(1+F5),0)
A6: 45787 | B6: FAC-2025-220 | C6: EnerCity | D6: Électricité PC | E6: 740 | F6: 0.2 | G6: =E6-H6 | H6: =IFERROR(E6/(1+F6),0)
A7: 45966 | B7: FAC-2025-611 | C7: HeatPlus | D7: Chauffage | E7: 3600 | F7: 0.2 | G7: =E7-H7 | H7: =IFERROR(E7/(1+F7),0)

Sheet Répartition
A1: Catégorie | B1: Total Catégorie (€) | C1: A1 | D1: A2 | E1: B1 | F1: B2 | G1: C1 | H1: Total ligne (€)
A2: Syndic | B2: =SUMIF(JournalCharges!$D:$D,A2,JournalCharges!$E:$E) | C2: =IFERROR($B2*INDEX(ClésRépartition!$B$2:$F$6, MATCH(VLOOKUP($A2,Catégories!$A$2:$B$100,2,0), ClésRépartition!$A$2:$A$6,0), MATCH("A1", ClésRépartition!$B$1:$F$1,0))/SUM(INDEX(ClésRépartition!$B$2:$F$6, MATCH(VLOOKUP($A2,Catégories!$A$2:$B$100,2,0), ClésRépartition!$A$2:$A$6,0), 0)),0) | D2: =IFERROR($B2*INDEX(ClésRépartition!$B$2:$F$6, MATCH(VLOOKUP($A2,Catégories!$A$2:$B$100,2,0), ClésRépartition!$A$2:$A$6,0), MATCH("A2", ClésRépartition!$B$1:$F$1,0))/SUM(INDEX(ClésRépartition!$B$2:$F$6, MATCH(VLOOKUP($A2,Catégories!$A$2:$B$100,2,0), ClésRépartition!$A$2:$A$6,0), 0)),0) | E2: =IFERROR($B2*INDEX(ClésRépartition!$B$2:$F$6, MATCH(VLOOKUP($A2,Catégories!$A$2:$B$100,2,0), ClésRépartition!$A$2:$A$6,0), MATCH("B1", ClésRépartition!$B$1:$F$1,0))/SUM(INDEX(ClésRépartition!$B$2:$F$6, MATCH(VLOOKUP($A2,Catégories!$A$2:$B$100,2,0), ClésRépartition!$A$2:$A$6,0), 0)),0) | F2: =IFERROR($B2*INDEX(ClésRépartition!$B$2:$F$6, MATCH(VLOOKUP($A2,Catégories!$A$2:$B$100,2,0), ClésRépartition!$A$2:$A$6,0), MATCH("B2", ClésRépartition!$B$1:$F$1,0))/SUM(INDEX(ClésRépartition!$B$2:$F$6, MATCH(VLOOKUP($A2,Catégories!$A$2:$B$100,2,0), ClésRépartition!$A$2:$A$6,0), 0)),0) | G2: =IFERROR($B2*INDEX(ClésRépartition!$B$2:$F$6, MATCH(VLOOKUP($A2,Catégories!$A$2:$B$100,2,0), ClésRépartition!$A$2:$A$6,0), MATCH("C1", ClésRépartition!$B$1:$F$1,0))/SUM(INDEX(ClésRépartition!$B$2:$F$6, MATCH(VLOOKUP($A2,Catégories!$A$2:$B$100,2,0), ClésRépartition!$A$2:$A$6,0), 0)),0) | H2: =SUM(C2:G2)
A3: Assurance immeuble | B3: =SUMIF(JournalCharges!$D:$D,A3,JournalCharges!$E:$E) | C3: =IFERROR($B3*INDEX(ClésRépartition!$B$2:$F$6, MATCH(VLOOKUP($A3,Catégories!$A$2:$B$100,2,0), ClésRépartition!$A$2:$A$6,0), MATCH("A1", ClésRépartition!$B$1:$F$1,0))/SUM(INDEX(ClésRépartition!$B$2:$F$6, MATCH(VLOOKUP($A3,Catégories!$A$2:$B$100,2,0), ClésRépartition!$A$2:$A$6,0), 0)),0) | D3: =IFERROR($B3*INDEX(ClésRépartition!$B$2:$F$6, MATCH(VLOOKUP($A3,Catégories!$A$2:$B$100,2,0), ClésRépartition!$A$2:$A$6,0), MATCH("A2", ClésRépartition!$B$1:$F$1,0))/SUM(INDEX(ClésRépartition!$B$2:$F$6, MATCH(VLOOKUP($A3,Catégories!$A$2:$B$100,2,0), ClésRépartition!$A$2:$A$6,0), 0)),0) | E3: =IFERROR($B3*INDEX(ClésRépartition!$B$2:$F$6, MATCH(VLOOKUP($A3,Catégories!$A$2:$B$100,2,0), ClésRépartition!$A$2:$A$6,0), MATCH("B1", ClésRépartition!$B$1:$F$1,0))/SUM(INDEX(ClésRépartition!$B$2:$F$6, MATCH(VLOOKUP($A3,Catégories!$A$2:$B$100,2,0), ClésRépartition!$A$2:$A$6,0), 0)),0) | F3: =IFERROR($B3*INDEX(ClésRépartition!$B$2:$F$6, MATCH(VLOOKUP($A3,Catégories!$A$2:$B$100,2,0), ClésRépartition!$A$2:$A$6,0), MATCH("B2", ClésRépartition!$B$1:$F$1,0))/SUM(INDEX(ClésRépartition!$B$2:$F$6, MATCH(VLOOKUP($A3,Catégories!$A$2:$B$100,2,0), ClésRépartition!$A$2:$A$6,0), 0)),0) | G3: =IFERROR($B3*INDEX(ClésRépartition!$B$2:$F$6, MATCH(VLOOKUP($A3,Catégories!$A$2:$B$100,2,0), ClésRépartition!$A$2:$A$6,0), MATCH("C1", ClésRépartition!$B$1:$F$1,0))/SUM(INDEX(ClésRépartition!$B$2:$F$6, MATCH(VLOOKUP($A3,Catégories!$A$2:$B$100,2,0), ClésRépartition!$A$2:$A$6,0), 0)),0) | H3: =SUM(C3:G3)
A4: Eau | B4: =SUMIF(JournalCharges!$D:$D,A4,JournalCharges!$E:$E) | C4: =IFERROR($B4*INDEX(ClésRépartition!$B$2:$F$6, MATCH(VLOOKUP($A4,Catégories!$A$2:$B$100,2,0), ClésRépartition!$A$2:$A$6,0), MATCH("A1", ClésRépartition!$B$1:$F$1,0))/SUM(INDEX(ClésRépartition!$B$2:$F$6, MATCH(VLOOKUP($A4,Catégories!$A$2:$B$100,2,0), ClésRépartition!$A$2:$A$6,0), 0)),0) | D4: =IFERROR($B4*INDEX(ClésRépartition!$B$2:$F$6, MATCH(VLOOKUP($A4,Catégories!$A$2:$B$100,2,0), ClésRépartition!$A$2:$A$6,0), MATCH("A2", ClésRépartition!$B$1:$F$1,0))/SUM(INDEX(ClésRépartition!$B$2:$F$6, MATCH(VLOOKUP($A4,Catégories!$A$2:$B$100,2,0), ClésRépartition!$A$2:$A$6,0), 0)),0) | E4: =IFERROR($B4*INDEX(ClésRépartition!$B$2:$F$6, MATCH(VLOOKUP($A4,Catégories!$A$2:$B$100,2,0), ClésRépartition!$A$2:$A$6,0), MATCH("B1", ClésRépartition!$B$1:$F$1,0))/SUM(INDEX(ClésRépartition!$B$2:$F$6, MATCH(VLOOKUP($A4,Catégories!$A$2:$B$100,2,0), ClésRépartition!$A$2:$A$6,0), 0)),0) | F4: =IFERROR($B4*INDEX(ClésRépartition!$B$2:$F$6, MATCH(VLOOKUP($A4,Catégories!$A$2:$B$100,2,0), ClésRépartition!$A$2:$A$6,0), MATCH("B2", ClésRépartition!$B$1:$F$1,0))/SUM(INDEX(ClésRépartition!$B$2:$F$6, MATCH(VLOOKUP($A4,Catégories!$A$2:$B$100,2,0), ClésRépartition!$A$2:$A$6,0), 0)),0) | G4: =IFERROR($B4*INDEX(ClésRépartition!$B$2:$F$6, MATCH(VLOOKUP($A4,Catégories!$A$2:$B$100,2,0), ClésRépartition!$A$2:$A$6,0), MATCH("C1", ClésRépartition!$B$1:$F$1,0))/SUM(INDEX(ClésRépartition!$B$2:$F$6, MATCH(VLOOKUP($A4,Catégories!$A$2:$B$100,2,0), ClésRépartition!$A$2:$A$6,0), 0)),0) | H4: =SUM(C4:G4)
A5: Électricité PC | B5: =SUMIF(JournalCharges!$D:$D,A5,JournalCharges!$E:$E) | C5: =IFERROR($B5*INDEX(ClésRépartition!$B$2:$F$6, MATCH(VLOOKUP($A5,Catégories!$A$2:$B$100,2,0), ClésRépartition!$A$2:$A$6,0), MATCH("A1", ClésRépartition!$B$1:$F$1,0))/SUM(INDEX(ClésRépartition!$B$2:$F$6, MATCH(VLOOKUP($A5,Catégories!$A$2:$B$100,2,0), ClésRépartition!$A$2:$A$6,0), 0)),0) | D5: =IFERROR($B5*INDEX(ClésRépartition!$B$2:$F$6, MATCH(VLOOKUP($A5,Catégories!$A$2:$B$100,2,0), ClésRépartition!$A$2:$A$6,0), MATCH("A2", ClésRépartition!$B$1:$F$1,0))/SUM(INDEX(ClésRépartition!$B$2:$F$6, MATCH(VLOOKUP($A5,Catégories!$A$2:$B$100,2,0), ClésRépartition!$A$2:$A$6,0), 0)),0) | E5: =IFERROR($B5*INDEX(ClésRépartition!$B$2:$F$6, MATCH(VLOOKUP($A5,Catégories!$A$2:$B$100,2,0), ClésRépartition!$A$2:$A$6,0), MATCH("B1", ClésRépartition!$B$1:$F$1,0))/SUM(INDEX(ClésRépartition!$B$2:$F$6, MATCH(VLOOKUP($A5,Catégories!$A$2:$B$100,2,0), ClésRépartition!$A$2:$A$6,0), 0)),0) | F5: =IFERROR($B5*INDEX(ClésRépartition!$B$2:$F$6, MATCH(VLOOKUP($A5,Catégories!$A$2:$B$100,2,0), ClésRépartition!$A$2:$A$6,0), MATCH("B2", ClésRépartition!$B$1:$F$1,0))/SUM(INDEX(ClésRépartition!$B$2:$F$6, MATCH(VLOOKUP($A5,Catégories!$A$2:$B$100,2,0), ClésRépartition!$A$2:$A$6,0), 0)),0) | G5: =IFERROR($B5*INDEX(ClésRépartition!$B$2:$F$6, MATCH(VLOOKUP($A5,Catégories!$A$2:$B$100,2,0), ClésRépartition!$A$2:$A$6,0), MATCH("C1", ClésRépartition!$B$1:$F$1,0))/SUM(INDEX(ClésRépartition!$B$2:$F$6, MATCH(VLOOKUP($A5,Catégories!$A$2:$B$100,2,0), ClésRépartition!$A$2:$A$6,0), 0)),0) | H5: =SUM(C5:G5)
A6: Ascenseur | B6: =SUMIF(JournalCharges!$D:$D,A6,JournalCharges!$E:$E) | C6: =IFERROR($B6*INDEX(ClésRépartition!$B$2:$F$6, MATCH(VLOOKUP($A6,Catégories!$A$2:$B$100,2,0), ClésRépartition!$A$2:$A$6,0), MATCH("A1", ClésRépartition!$B$1:$F$1,0))/SUM(INDEX(ClésRépartition!$B$2:$F$6, MATCH(VLOOKUP($A6,Catégories!$A$2:$B$100,2,0), ClésRépartition!$A$2:$A$6,0), 0)),0) | D6: =IFERROR($B6*INDEX(ClésRépartition!$B$2:$F$6, MATCH(VLOOKUP($A6,Catégories!$A$2:$B$100,2,0), ClésRépartition!$A$2:$A$6,0), MATCH("A2", ClésRépartition!$B$1:$F$1,0))/SUM(INDEX(ClésRépartition!$B$2:$F$6, MATCH(VLOOKUP($A6,Catégories!$A$2:$B$100,2,0), ClésRépartition!$A$2:$A$6,0), 0)),0) | E6: =IFERROR($B6*INDEX(ClésRépartition!$B$2:$F$6, MATCH(VLOOKUP($A6,Catégories!$A$2:$B$100,2,0), ClésRépartition!$A$2:$A$6,0), MATCH("B1", ClésRépartition!$B$1:$F$1,0))/SUM(INDEX(ClésRépartition!$B$2:$F$6, MATCH(VLOOKUP($A6,Catégories!$A$2:$B$100,2,0), ClésRépartition!$A$2:$A$6,0), 0)),0) | F6: =IFERROR($B6*INDEX(ClésRépartition!$B$2:$F$6, MATCH(VLOOKUP($A6,Catégories!$A$2:$B$100,2,0), ClésRépartition!$A$2:$A$6,0), MATCH("B2", ClésRépartition!$B$1:$F$1,0))/SUM(INDEX(ClésRépartition!$B$2:$F$6, MATCH(VLOOKUP($A6,Catégories!$A$2:$B$100,2,0), ClésRépartition!$A$2:$A$6,0), 0)),0) | G6: =IFERROR($B6*INDEX(ClésRépartition!$B$2:$F$6, MATCH(VLOOKUP($A6,Catégories!$A$2:$B$100,2,0), ClésRépartition!$A$2:$A$6,0), MATCH("C1", ClésRépartition!$B$1:$F$1,0))/SUM(INDEX(ClésRépartition!$B$2:$F$6, MATCH(VLOOKUP($A6,Catégories!$A$2:$B$100,2,0), ClésRépartition!$A$2:$A$6,0), 0)),0) | H6: =SUM(C6:G6)
A7: Chauffage | B7: =SUMIF(JournalCharges!$D:$D,A7,JournalCharges!$E:$E) | C7: =IFERROR($B7*INDEX(ClésRépartition!$B$2:$F$6, MATCH(VLOOKUP($A7,Catégories!$A$2:$B$100,2,0), ClésRépartition!$A$2:$A$6,0), MATCH("A1", ClésRépartition!$B$1:$F$1,0))/SUM(INDEX(ClésRépartition!$B$2:$F$6, MATCH(VLOOKUP($A7,Catégories!$A$2:$B$100,2,0), ClésRépartition!$A$2:$A$6,0), 0)),0) | D7: =IFERROR($B7*INDEX(ClésRépartition!$B$2:$F$6, MATCH(VLOOKUP($A7,Catégories!$A$2:$B$100,2,0), ClésRépartition!$A$2:$A$6,0), MATCH("A2", ClésRépartition!$B$1:$F$1,0))/SUM(INDEX(ClésRépartition!$B$2:$F$6, MATCH(VLOOKUP($A7,Catégories!$A$2:$B$100,2,0), ClésRépartition!$A$2:$A$6,0), 0)),0) | E7: =IFERROR($B7*INDEX(ClésRépartition!$B$2:$F$6, MATCH(VLOOKUP($A7,Catégories!$A$2:$B$100,2,0), ClésRépartition!$A$2:$A$6,0), MATCH("B1", ClésRépartition!$B$1:$F$1,0))/SUM(INDEX(ClésRépartition!$B$2:$F$6, MATCH(VLOOKUP($A7,Catégories!$A$2:$B$100,2,0), ClésRépartition!$A$2:$A$6,0), 0)),0) | F7: =IFERROR($B7*INDEX(ClésRépartition!$B$2:$F$6, MATCH(VLOOKUP($A7,Catégories!$A$2:$B$100,2,0), ClésRépartition!$A$2:$A$6,0), MATCH("B2", ClésRépartition!$B$1:$F$1,0))/SUM(INDEX(ClésRépartition!$B$2:$F$6, MATCH(VLOOKUP($A7,Catégories!$A$2:$B$100,2,0), ClésRépartition!$A$2:$A$6,0), 0)),0) | G7: =IFERROR($B7*INDEX(ClésRépartition!$B$2:$F$6, MATCH(VLOOKUP($A7,Catégories!$A$2:$B$100,2,0), ClésRépartition!$A$2:$A$6,0), MATCH("C1", ClésRépartition!$B$1:$F$1,0))/SUM(INDEX(ClésRépartition!$B$2:$F$6, MATCH(VLOOKUP($A7,Catégories!$A$2:$B$100,2,0), ClésRépartition!$A$2:$A$6,0), 0)),0) | H7: =SUM(C7:G7)
A8: Entretien espaces | B8: =SUMIF(JournalCharges!$D:$D,A8,JournalCharges!$E:$E) | C8: =IFERROR($B8*INDEX(ClésRépartition!$B$2:$F$6, MATCH(VLOOKUP($A8,Catégories!$A$2:$B$100,2,0), ClésRépartition!$A$2:$A$6,0), MATCH("A1", ClésRépartition!$B$1:$F$1,0))/SUM(INDEX(ClésRépartition!$B$2:$F$6, MATCH(VLOOKUP($A8,Catégories!$A$2:$B$100,2,0), ClésRépartition!$A$2:$A$6,0), 0)),0) | D8: =IFERROR($B8*INDEX(ClésRépartition!$B$2:$F$6, MATCH(VLOOKUP($A8,Catégories!$A$2:$B$100,2,0), ClésRépartition!$A$2:$A$6,0), MATCH("A2", ClésRépartition!$B$1:$F$1,0))/SUM(INDEX(ClésRépartition!$B$2:$F$6, MATCH(VLOOKUP($A8,Catégories!$A$2:$B$100,2,0), ClésRépartition!$A$2:$A$6,0), 0)),0) | E8: =IFERROR($B8*INDEX(ClésRépartition!$B$2:$F$6, MATCH(VLOOKUP($A8,Catégories!$A$2:$B$100,2,0), ClésRépartition!$A$2:$A$6,0), MATCH("B1", ClésRépartition!$B$1:$F$1,0))/SUM(INDEX(ClésRépartition!$B$2:$F$6, MATCH(VLOOKUP($A8,Catégories!$A$2:$B$100,2,0), ClésRépartition!$A$2:$A$6,0), 0)),0) | F8: =IFERROR($B8*INDEX(ClésRépartition!$B$2:$F$6, MATCH(VLOOKUP($A8,Catégories!$A$2:$B$100,2,0), ClésRépartition!$A$2:$A$6,0), MATCH("B2", ClésRépartition!$B$1:$F$1,0))/SUM(INDEX(ClésRépartition!$B$2:$F$6, MATCH(VLOOKUP($A8,Catégories!$A$2:$B$100,2,0), ClésRépartition!$A$2:$A$6,0), 0)),0) | G8: =IFERROR($B8*INDEX(ClésRépartition!$B$2:$F$6, MATCH(VLOOKUP($A8,Catégories!$A$2:$B$100,2,0), ClésRépartition!$A$2:$A$6,0), MATCH("C1", ClésRépartition!$B$1:$F$1,0))/SUM(INDEX(ClésRépartition!$B$2:$F$6, MATCH(VLOOKUP($A8,Catégories!$A$2:$B$100,2,0), ClésRépartition!$A$2:$A$6,0), 0)),0) | H8: =SUM(C8:G8)
A9: Petites réparations | B9: =SUMIF(JournalCharges!$D:$D,A9,JournalCharges!$E:$E) | C9: =IFERROR($B9*INDEX(ClésRépartition!$B$2:$F$6, MATCH(VLOOKUP($A9,Catégories!$A$2:$B$100,2,0), ClésRépartition!$A$2:$A$6,0), MATCH("A1", ClésRépartition!$B$1:$F$1,0))/SUM(INDEX(ClésRépartition!$B$2:$F$6, MATCH(VLOOKUP($A9,Catégories!$A$2:$B$100,2,0), ClésRépartition!$A$2:$A$6,0), 0)),0) | D9: =IFERROR($B9*INDEX(ClésRépartition!$B$2:$F$6, MATCH(VLOOKUP($A9,Catégories!$A$2:$B$100,2,0), ClésRépartition!$A$2:$A$6,0), MATCH("A2", ClésRépartition!$B$1:$F$1,0))/SUM(INDEX(ClésRépartition!$B$2:$F$6, MATCH(VLOOKUP($A9,Catégories!$A$2:$B$100,2,0), ClésRépartition!$A$2:$A$6,0), 0)),0) | E9: =IFERROR($B9*INDEX(ClésRépartition!$B$2:$F$6, MATCH(VLOOKUP($A9,Catégories!$A$2:$B$100,2,0), ClésRépartition!$A$2:$A$6,0), MATCH("B1", ClésRépartition!$B$1:$F$1,0))/SUM(INDEX(ClésRépartition!$B$2:$F$6, MATCH(VLOOKUP($A9,Catégories!$A$2:$B$100,2,0), ClésRépartition!$A$2:$A$6,0), 0)),0) | F9: =IFERROR($B9*INDEX(ClésRépartition!$B$2:$F$6, MATCH(VLOOKUP($A9,Catégories!$A$2:$B$100,2,0), ClésRépartition!$A$2:$A$6,0), MATCH("B2", ClésRépartition!$B$1:$F$1,0))/SUM(INDEX(ClésRépartition!$B$2:$F$6, MATCH(VLOOKUP($A9,Catégories!$A$2:$B$100,2,0), ClésRépartition!$A$2:$A$6,0), 0)),0) | G9: =IFERROR($B9*INDEX(ClésRépartition!$B$2:$F$6, MATCH(VLOOKUP($A9,Catégories!$A$2:$B$100,2,0), ClésRépartition!$A$2:$A$6,0), MATCH("C1", ClésRépartition!$B$1:$F$1,0))/SUM(INDEX(ClésRépartition!$B$2:$F$6, MATCH(VLOOKUP($A9,Catégories!$A$2:$B$100,2,0), ClésRépartition!$A$2:$A$6,0), 0)),0) | H9: =SUM(C9:G9)
A10: TOTAL GÉNÉRAL | B10: =SUM(B2:B9) | C10: =SUM(C2:C9) | D10: =SUM(D2:D9) | E10: =SUM(E2:E9) | F10: =SUM(F2:F9) | G10: =SUM(G2:G9) | H10: =SUM(H2:H9)

Sheet BudgetProvisions
A1: Lot | B1: Provision mensuelle (€) | C1: Provision annuelle (€) | D1: Paiements reçus (€) | E1: Charges imputées (€) | F1: Solde (€)
A2: A1 | B2: 100 | C2: =B2*12 | D2: =C2 | E2: =Répartition!C10 | F2: =E2-D2
A3: A2 | B3: 100 | C3: =B3*12 | D3: =C3 | E3: =Répartition!D10 | F3: =E3-D3
A4: B1 | B4: 100 | C4: =B4*12 | D4: =C4 | E4: =Répartition!E10 | F4: =E4-D4
A5: B2 | B5: 100 | C5: =B5*12 | D5: =C5 | E5: =Répartition!F10 | F5: =E5-D5
A6: C1 | B6: 100 | C6: =B6*12 | D6: =C6 | E6: =Répartition!G10 | F6: =E6-D6

Sheet Décomptes
A1: Relevé individuel de charges — Annuel
A2: Sélectionner un lot : | C2: A1
A4: Catégorie | B4: Montant (€)
A5: =Catégories!A2 | B5: =INDEX(Répartition!$C$2:G$9, ROW()-4, MATCH($C$2, Répartition!$C$1:G$1, 0))
A6: =Catégories!A3 | B6: =INDEX(Répartition!$C$2:G$9, ROW()-4, MATCH($C$2, Répartition!$C$1:G$1, 0))
A7: =Catégories!A4 | B7: =INDEX(Répartition!$C$2:G$9, ROW()-4, MATCH($C$2, Répartition!$C$1:G$1, 0))
A8: =Catégories!A5 | B8: =INDEX(Répartition!$C$2:G$9, ROW()-4, MATCH($C$2, Répartition!$C$1:G$1, 0))
A9: =Catégories!A6 | B9: =INDEX(Répartition!$C$2:G$9, ROW()-4, MATCH($C$2, Répartition!$C$1:G$1, 0))
A10: =Catégories!A7 | B10: =INDEX(Répartition!$C$2:G$9, ROW()-4, MATCH($C$2, Répartition!$C$1:G$1, 0))
A11: =Catégories!A8 | B11: =INDEX(Répartition!$C$2:G$9, ROW()-4, MATCH($C$2, Répartition!$C$1:G$1, 0))
A12: =Catégories!A9 | B12: =INDEX(Répartition!$C$2:G$9, ROW()-4, MATCH($C$2, Répartition!$C$1:G$1, 0))
A13: TOTAL CHARGES | B13: =SUM(B5:B12)
A15: Provisions versées (annuel) | B15: =INDEX(BudgetProvisions!$C$2:$C$6, MATCH($C$2, BudgetProvisions!$A$2:$A$6,0))
A16: Solde (à payer / à rembourser) | B16: =B13-B15
